 Dungeon Crawl Stone Soup version 0.14-a0-102-g2341383 (webtiles) character file.

345 Econoterrorist the Changer (level 5, 0/37 HPs)
             Began as a Merfolk Transmuter on Oct 2, 2013.
             Was an Initiate of Makhleb.
             Succumbed to Crazy Yiuf's poison
             ... on Level 4 of the Dungeon.
             The game lasted 00:20:43 (3636 turns).

Econoterrorist the Changer (Merfolk Transmuter)     Turns: 3636, Time: 00:20:43

HP   0/37        AC  4     Str 15      XL: 5   Next: 85%
MP   4/7         EV 12     Int 13      God: Makhleb [......]
Gold 138         SH  0     Dex 15      Spells:  3 memorised,  2 levels left

Res.Fire  : . . .   See Invis. : .     - Unarmed
Res.Cold  : . . .   Warding    : .   h - +0 leather armour
Life Prot.: + . .   Conserve   : .   (no shield)
Res.Poison: .       Res.Corr.  : .   (no helmet)
Res.Elec. : .       Clarity    : .   B - +0 cloak (curse)
Sust.Abil.: . .     Spirit.Shd : .   (no gloves)
Res.Mut.  : .       Stasis     : .   (no boots)
Res.Rott. : .       Flight     : .   (no amulet)
Saprovore : . . .                    (no ring)
                                     g - ring of positive energy

@: confused, mighty, mildly poisoned, slightly resistant to hostile
enchantments, extremely unstealthy
A: change form in water, swift swim
a: Renounce Religion


You were on level 4 of the Dungeon.
You worshipped Makhleb.
Makhleb was noncommittal.
You were not hungry.

You visited 1 branch of the dungeon, and saw 4 of its levels.

You collected 118 gold pieces.

Inventory:

Missiles
 b - 12 arrows
 r - 14 stones (quivered)
Armour
 c - a +0 robe
 h - a +0 leather armour (worn)
 B - a cursed +0 cloak (worn)
Comestibles
 a - a bread ration
 w - an apple
Scrolls
 k - 2 scrolls of identify
 m - 2 scrolls of fear {unknown}
 n - a scroll of blinking {unknown}
 o - a scroll of noise {unknown}
 p - a scroll of enchant weapon II {unknown}
 q - a scroll of recharging {unknown}
 s - a scroll of enchant armour {unknown}
 u - 2 scrolls of teleportation {unknown}
 y - a scroll of remove curse {unknown}
 z - a scroll of fog {unknown}
Jewellery
 g - a ring of positive energy (left hand)
 A - an uncursed ring of fire
Potions
 j - a potion of heal wounds {unknown}
 l - a potion of speed {unknown}
 t - a potion of magic {unknown}
 v - a potion of slowing {unknown}
 x - a potion of brilliance {unknown}
Books
 d - a book of Changes

   Spells                             Type                      Level
   *Beastly Appendage                 Transmutation                1
   *Sticks to Snakes                  Transmutation                2
   *Spider Form                       Transmutation/Poison         3
   Ice Form                           Ice/Transmutation            4
   Blade Hands                        Transmutation                5


   Skills:
 - Level 1.1 Fighting
 - Level 2.6 Dodging
 + Level 4.3 Unarmed Combat
 - Level 2.0 Spellcasting
 - Level 5.4 Transmutations
 + Level 3.2 Poison Magic


You had 2 spell levels left.
You knew the following spells:

 Your Spells              Type           Power        Failure   Level  Hunger
a - Beastly Appendage     Trmt           ###...       3%          1    ##.....
b - Sticks to Snakes      Trmt           ###.......   6%          2    ###....
c - Spider Form           Trmt/Pois      ##........   14%         3    ####...


Dungeon Overview and Level Annotations

Branches:
Dungeon (4/27)
 Temple: D:4-7

Altars:
Cheibriados
Makhleb
Vehumet
Zin


Message History

You finish putting on your cursed +0 cloak.
Oops, that feels deathly cold.
* * * LOW HITPOINT WARNING * * *
You feel sick.
* * * LOW HITPOINT WARNING * * *
You feel sick.
* * * LOW HITPOINT WARNING * * *
You feel sick.
You feel a little better.
Drink which item? (? for menu, Esc to quit)
You feel very mighty all of a sudden.
It was a potion of might.
Drink which item? (? for menu, Esc to quit)
You are confused.
It was a potion of confusion.
Drink which item? (? for menu, Esc to quit)
You can't drink that!
Drink which item? (? for menu, Esc to quit)
You feel refreshed.
It was a potion of restore abilities.
You die...

. .. #####
... #..)#
... #...#
... ...
....# #.# #
....# ##@# #
....# #.## #
....# ##.# #
....# #.## #
....########
##.##
############
...........#
#.ff##
#...........
...........#


#)fff# #........... ...........# #....# #...........
......<....###....####...###..... There were no monsters in sight!

Vanquished Creatures
  Crazy Yiuf (D:4)
  A scorpion (D:2)
  Ijyb (D:4)
  Terence (D:2)
  6 adders
  A giant mite (D:1)
  A worm (D:4)
  A giant eyeball (D:4)
  2 giant geckos
  A giant cockroach (D:2)
  10 hobgoblins
  3 kobolds
  2 ball pythons
  10 bats
  4 giant newts
  9 goblins
  3 jackals (D:1)
  10 rats
67 creatures vanquished.

Notes
Turn   | Place    | Note
--------------------------------------------------------------
     0 | D:1      | Econoterrorist, the Merfolk Transmuter, began the quest for the Orb.
     0 | D:1      | Reached XP level 1. HP: 15/15 MP: 1/1
   132 | D:1      | Reached XP level 2. HP: 19/21 MP: 0/3
   136 | D:1      | Learned a level 2 spell: Sticks to Snakes
   939 | D:1      | Reached skill level 4 in Unarmed Combat
   943 | D:1      | Reached XP level 3. HP: 26/26 MP: 2/4
   996 | D:1      | Learned a level 3 spell: Spider Form
  1809 | D:2      | Found a snail-covered altar of Cheibriados.
  1860 | D:2      | Noticed Terence
  1876 | D:2      | Killed Terence
  2102 | D:2      | Reached skill level 1 in Poison Magic
  2102 | D:2      | Reached XP level 4. HP: 19/32 MP: 4/6
  2626 | D:3      | Found a radiant altar of Vehumet.
  2639 | D:3      | Found a glowing silver altar of Zin.
  2743 | D:3      | Reached skill level 5 in Transmutations
  2743 | D:3      | Reached XP level 5. HP: 34/37 MP: 5/7
  3124 | D:4      | Noticed Ijyb
  3143 | D:4      | Killed Ijyb
  3396 | D:4      | Found a burning altar of Makhleb.
  3401 | D:4      | Became a worshipper of Makhleb the Destroyer
  3598 | D:4      | Noticed Crazy Yiuf
  3613 | D:4      | Killed Crazy Yiuf
  3633 | D:4      | HP: 1/37 [poisoned by Crazy Yiuf]
  3636 | D:4      | Succumbed to Crazy Yiuf's poison

Action                   |  1- 3 |  4- 6 || total
-------------------------+-------+-------++-------
Melee: Unarmed           |   143 |   120 ||   263
Throw: Stone             |     2 |       ||     2
 Cast: Beastly Appendage |    14 |     9 ||    23
       Spider Form       |     1 |     3 ||     4
 Abil: End Transformatio |       |     1 ||     1
  Use: Potion            |       |     5 ||     5
       Scroll            |       |     1 ||     1
